 Dungeon Crawl Stone Soup version 0.28-a0-1199-gef9e1dbd39 (webtiles) character file.

Game seed: 832907055304399800

79 karrick the Covered (level 4, -2/28 HPs)
             Began as a Gargoyle Fighter on Dec 20, 2021.
             Slain by an iguana (7 damage)
             ... on level 5 of the Dungeon.
             The game lasted 00:01:50 (1799 turns).

karrick the Covered (Gargoyle Fighter)              Turns: 1799, Time: 00:01:50

Health: -2/28      AC: 10    Str: 19    XL:     4   Next: 38%
Magic:  4/4        EV:  9    Int:  9    God:
Gold:   151        SH:  4    Dex: 11    Spells: 3/3 levels left

rFire   . . .      SeeInvis .   a - +0 flail
rCold   . . .      Faith    .   c - +0 buckler
rNeg    + . .      Spirit   .   b - +0 scale mail
rPois   ∞          Reflect  .   (no helmet)
rElec   +          Harm     .   (no cloak)
rCorr   .          Rampage  .   (no gloves)
Will    .....                   (no boots)
Stlth   ..........              (no amulet)
HPRegen 0.09/turn               (no ring)
MPRegen 0.09/turn               (no ring)

@: mighty
A: sickness immunity, AC +3, negative energy resistance 1, electricity
resistance, torment resistance 1, petrification resistance
a: no special abilities


You were on level 5 of the Dungeon.
You visited 1 branch of the dungeon, and saw 5 of its levels.

You collected 151 gold pieces.

Inventory:

Hand Weapons
 a - a +0 flail (weapon)
Missiles
 j - a throwing net (quivered)
Armour
 b - a +0 scale mail (worn)
 c - a +0 buckler (worn)
Jewellery
 g - a ring of fire
Scrolls
 e - 2 scrolls of teleportation {unknown}
 f - a scroll of vulnerability {unknown}
 i - a scroll of fear {unknown}
 k - a scroll of silence {unknown}
 l - a scroll of fog {unknown}
Potions
 h - a potion of curing {unknown}


   Skills:
 + Level 3.5 Fighting
 + Level 3.1 Maces & Flails
 + Level 4.0 Armour
 + Level 0.7 Dodging
 + Level 3.7 Shields


You had 3 spell levels left.
You didn't know any spells.
Your spell library contained the following spells:

 Spells                   Type           Power      Damage    Failure   Level
 Inner Flame              Hex/Fire       0%         N/A       98%         3
 Cause Fear               Hex            0%         N/A       100%        4
 Discord                  Hex            0%         N/A       100%        8


Dungeon Overview and Level Annotations

Branches:
Dungeon (5/15)
 Temple: D:4-7

Altars:


Innate Abilities, Weirdness & Mutations

You are immune to sickness and miasma.
Your stone body is resilient. (AC +3)
You are immune to poison.
You resist negative energy. (rN+)
You are resistant to electric shocks. (rElec)
You are resistant to unholy torment.
You are immune to petrification.


Message History

You closely miss the goblin.
The goblin is moderately wounded.
You block the goblin's attack.
You barely miss the goblin. The goblin hits you but does no damage.
The goblin misses you.
You bludgeon the goblin!!
You kill the goblin!
The quokka bites you but does no damage.
You closely miss the quokka. The quokka barely misses you.
You closely miss the quokka.
The quokka bites you but does no damage.
You block the quokka's attack.
You sock the quokka!
You kill the quokka!
Things that are here:
a +0 club; a goblin corpse You see here a +0 flail.
There is a stone staircase leading up here.
An iguana comes into view.
The iguana hisses angrily.
You barely miss the iguana. The iguana closely misses you.
You hit the iguana but do no damage. The iguana bites you.
You sock the iguana!
The iguana is severely wounded.
The iguana barely misses you.
The iguana bites you but does no damage.
You hit the iguana.
The iguana is almost dead.
The iguana closely misses you.
You barely miss the iguana.
The iguana is almost dead.
The iguana bites you but does no damage.
You barely miss the iguana.
The iguana is almost dead.
You block the iguana's attack. The iguana bites you!
* * * LOW HITPOINT WARNING * * *
You barely miss the iguana.
The iguana is almost dead.
The iguana bites you!
You die...

#.........
#......... ...
#........ ....
#....... ....
##...... .....
.##......##.....
......#>.>..#
.....#....########..
.......@l<))........
....##...#########..
.. ###.# #.# ##. ..
##


You could see an iguana.

Vanquished Creatures
  A hound skeleton (D:2)
  A gnoll (D:5)
  2 adders (D:2)
  4 ball pythons
  6 endoplasms
  4 giant cockroaches
  4 goblins
  2 hobgoblins (D:1)
  2 quokkas
  3 bats (D:1)
  A frilled lizard (D:2)
  2 kobolds
  7 rats
39 creatures vanquished.

Notes
Turn   | Place    | Note
-------+----------+-------------------------------------------
     0 | D:1      | karrick the Gargoyle Fighter began the quest for the Orb.
     0 | D:1      | Reached XP level 1. HP: 14/14 MP: 1/1
   164 | D:1      | Found a faded altar of an unknown god.
   459 | D:1      | Reached XP level 2. HP: 17/19 MP: 2/2
  1352 | D:2      | Reached XP level 3. HP: 23/23 MP: 3/3
  1537 | D:2      | Reached skill level 4 in Armour
  1537 | D:2      | Reached XP level 4. HP: 28/28 MP: 4/4
  1770 | D:5      | Entered Level 5 of the Dungeon
  1799 | D:5      | Slain by an iguana

Illustrated notes

Levels and vault maps discovered:
D:1:      mrwooster_arrival_statue_3, layout_basic,
          dreamdust_ecumenical_altar_angels_and_demons, fountainhead,
          nicolae_figureground_pulse
D:2:      layout_rooms
D:3:      layout_basic, slow_altar_1, serial_forest,
          infiniplex_forest_clump_double, infiniplex_forest_clump_tiny,
          infiniplex_forest_fountain, infiniplex_forest_straight_1,
          infiniplex_forest_lined_2, infiniplex_forest_lined_corner,
          infiniplex_forest_clump_long, infiniplex_forest_lined_1,
          infiniplex_forest_clump_cross, grunt_ministairs_14
D:4:      layout_loops_cross, mainiacjoe_overflow_alcove_1,
          minmay_temple_entry_mist, uniq_eustachio, uniq_crazy_yiuf_cottage,
          uniq_sigmund
D:5:      layout_rooms, gup_sewer_entry_spiral, uniq_edmund

Skill      XL: |  1  2  3  4 |
---------------+-------------+-----
Armour         | 4 |  4.0
Maces & Flails | 3 |  3.1
Fighting       | |  3.5
Dodging        | |  0.7
Shields        | |  3.7

Action                   |  1- 3 |  4- 6 || total
-------------------------+-------+-------++-------
Melee: Flail             |    86 |    31 ||   117
  Use: Potion            |       |     1 ||     1
Armor: Scale mail        |    57 |    31 ||    88
Dodge: Dodged            |    40 |    22 ||    62
Block: Buckler           |    19 |     5 ||    24

Table legend: (Time is in decaauts)
 A = Elapsed time spent in this place.
 B = Non-inter-level travel time spent in this place.
 C = Inter-level travel time spent in this place.
 D = Time resting spent in this place.
 E = Time spent auto-exploring this place.
 F = Levels seen in this place.
 G = Mean time per level.
                   A        B        C        D        E       F      G
               +--------+--------+--------+--------+--------+-----+--------+
         Total |   1832 |   1785 |     47 |      0 |   1489 |   5 |  366.4 |
       Dungeon |   1832 |   1785 |     47 |      0 |   1489 |   5 |  366.4 |
               +--------+--------+--------+--------+--------+-----+--------+

Top non-repeatable levels by time:
     D:1: 1356 daAuts
     D:2: 413 daAuts
     D:5: 33 daAuts
     D:3: 19 daAuts
     D:4: 8 daAuts
